Oilers vs Kings
Created - July 20, 2022 at 22:51
Goals
|
| Oilers |
0 |
1 |
0 |
1 |
| Kings |
0 |
2 |
2 |
4 |
|
Shots
|
| Oilers |
5 |
16 |
6 |
27 |
| Kings |
6 |
13 |
7 |
26 |
|
1st period
No Goal
Penalties :
Teuvo Teravainen (L.A) for Hooking (Minor) at 10:28, Teuvo Teravainen (L.A) for Interference (Minor) at 15:53
2nd period
1. Kings , David Pastrnak 7 (Nathan MacKinnon 11, Jake Guentzel 5) at 1:14 (PP)
2. Kings , David Pastrnak 8 (Seth Jones 6, Nathan MacKinnon 12) at 5:06 (PP)
3. Oilers , Alex Galchenyuk 10 (Ryan Nugent-Hopkins 11) at 19:17
Penalties :
Darnell Nurse (Edm) for Holding Stick (Minor) at 1:06, Jake Gardiner (Edm) for High sticking (Minor) at 4:49, Kyle Clifford (L.A) for High sticking (Double Minor) at 12:11
3rd period
4. Kings , David Pastrnak 9 (Nathan MacKinnon 13) at 8:48 (PP)
5. Kings , Kyle Clifford 6 (Nathan MacKinnon 14, Teuvo Teravainen 5) at 17:46
Penalties :
Teuvo Teravainen (L.A) for Goalie Interference (Minor) at 1:07, Nathan MacKinnon (L.A) for Holding (Minor) at 4:42, Darnell Nurse (Edm) for High sticking (Minor) at 8:46, Derek Boogaard (L.A) for Interference (Minor) at 9:50, Sean Monahan (L.A) for Interference (Minor) at 11:34, Cody Franson (L.A) for Boarding (Minor) at 15:25, Connor McDavid (Edm) for Unsportsmanlike conduct (Minor) at 18:58
Goalie Stats
Jonas Hiller (Edm), 22 saves from 26 shots - (0.846), L, 4-2-0, 60:00 minutes
Andrei Vasilevskiy (L.A), 26 saves from 27 shots - (0.963), W, 5-0-1, 60:00 minutes
Players Stats for Oilers
Player Name G A P +/- PIM S H SB GA TA FO MP PP MP PK MP
------------------------------------------------------------------------------------
Alex Galchenyuk 1 0 1 1 0 6 1 0 1 0 0/1 20:52 9:18 1:07
Cam Barker 0 0 0 0 0 1 1 0 1 2 0/0 23:42 9:09 0:55
Connor McDavid 0 0 0 0 2 2 1 0 1 0 10/21 21:14 7:56 0:00
Conor Sheary 0 0 0 0 0 1 1 0 0 0 0/1 9:45 0:00 0:00
Darnell Nurse 0 0 0 0 4 2 2 0 0 2 0/0 22:33 7:56 0:33
Duncan Keith 0 0 0 -1 0 0 0 0 0 0 0/0 10:52 0:00 0:00
Evander Kane 0 0 0 0 0 2 1 0 0 1 0/0 21:15 7:56 0:00
Jake Gardiner 0 0 0 1 2 2 2 0 0 1 0/0 27:39 9:41 0:36
Jussi Jokinen 0 0 0 0 0 2 2 0 0 0 1/1 14:09 0:23 0:21
Leon Draisaitl 0 0 0 0 0 2 1 0 0 1 1/1 17:45 7:56 0:00
Maxim Lapierre 0 0 0 -1 0 1 0 0 0 0 4/6 7:35 0:00 0:21
Nail Yakupov 0 0 0 -1 0 0 1 0 0 1 0/0 7:55 0:36 0:00
Patrice Bergeron 0 0 0 0 0 0 1 0 1 0 3/10 11:33 0:36 1:07
Rasmus Ristolainen 0 0 0 1 0 2 1 0 0 0 0/0 24:54 7:56 0:33
Ryan Nugent-Hopkins 0 1 1 1 0 1 0 0 0 0 8/18 19:37 9:05 0:00
Ted Purcell 0 0 0 -1 0 1 0 0 1 0 0/0 7:14 0:00 0:00
Tobias Enstrom 0 0 0 -1 0 0 1 0 0 0 0/0 10:17 0:32 0:19
Tyler Toffoli 0 0 0 1 0 2 4 1 1 0 0/0 19:37 9:05 0:00
Players Stats for Kings
Player Name G A P +/- PIM S H SB GA TA FO MP PP MP PK MP
------------------------------------------------------------------------------------
Aaron Ekblad 0 0 0 0 0 0 3 0 0 0 0/0 17:04 0:00 0:19
Brady Skjei 0 0 0 -1 0 1 4 0 0 0 0/0 25:30 1:10 8:05
Cody Franson 0 0 0 1 2 0 2 0 1 0 0/0 14:40 0:00 8:48
Damon Severson 0 0 0 1 0 0 0 0 0 0 0/0 9:53 0:00 1:01
David Pastrnak 3 0 3 0 0 7 0 0 1 0 1/1 12:08 1:01 0:00
Derek Boogaard 0 0 0 0 2 2 3 0 0 1 0/0 14:22 0:00 2:48
Drew Stafford 0 0 0 0 0 0 1 0 0 1 0/0 17:15 0:00 5:30
Jake Guentzel 0 1 1 0 0 3 0 1 0 0 0/0 12:57 1:01 0:49
Jared Cowen 0 0 0 -1 0 0 1 2 0 1 0/0 28:15 0:18 9:15
Kyle Clifford 1 0 1 0 4 4 1 1 0 0 2/3 18:43 0:27 6:54
Max Friberg 0 0 0 0 0 0 0 0 0 2 0/0 12:22 0:00 5:30
Mikko Rantanen 0 0 0 0 0 0 0 0 1 0 0/0 6:39 0:00 0:00
Nathan MacKinnon 0 4 4 0 2 0 0 1 1 0 10/18 13:21 1:01 1:12
Pavel Datsyuk 0 0 0 0 0 0 0 0 0 0 1/2 6:39 0:00 0:00
Ryan O'Reilly 0 0 0 0 0 2 0 0 1 0 10/18 20:20 0:18 8:41
Sean Monahan 0 0 0 0 2 3 2 1 0 0 8/16 15:44 0:27 3:34
Seth Jones 0 1 1 0 0 3 2 0 3 1 0/0 24:32 1:10 7:46
Teuvo Teravainen 0 1 1 0 6 1 0 0 0 0 0/1 11:36 0:27 0:00
3 Stars
1 - David Pastrnak (L.A)
2 - Andrei Vasilevskiy (L.A)
3 - Nathan MacKinnon (L.A)
Power Play
Oilers - 0 on 9 Attempt(s) - 0.00%
Kings - 3 on 4 Attempt(s) - 75.00%
Penalty Kill
Oilers - 1 on 4 Attempt(s) - 25.00%
- Score 0 goal in Penalty Kill
Kings - 9 on 9 Attempt(s) - 100.00%
- Score 0 goal in Penalty Kill
Team Stat
Oilers - Hits : 20 - Faceoff Wins : 27 - Blocked Shots : 1 - Penalty Minutes : 8
Kings - Hits : 19 - Faceoff Wins : 32 - Blocked Shots : 6 - Penalty Minutes : 18
Official
Referees : Gord Dwyer and Ghislain Hebert
Linesman : Michel Cormier and Shandor Alphonso
Game Notes
David Pastrnak has scored a Hat Trick!
Finance
Level 1 -- Attendance: 6000 (100.00%) -- Ticket Income $600,000
Level 2 -- Attendance: 5000 (100.00%) -- Ticket Income $300,000
Level 3 -- Attendance: 2000 (100.00%) -- Ticket Income $70,000
Level 4 -- Attendance: 4000 (100.00%) -- Ticket Income $100,000
Luxury Box -- Attendance: 1000 (100.00%) -- Ticket Income $200,000
Game was played at the Staples Center.
Total Attendance: 18000 (100.00%)
Total Ticket Income: $1,270,000
Other Income: $190,500
Total Income: $1,460,500
Oilers
5 vs 5 Forward
Center Left Wing Right Wing Time % Phy DF OF
1 Connor McDavid Jussi Jokinen Evander Kane 40 1 2 2
2 Ryan Nugent-Hopkins Alex Galchenyuk Tyler Toffoli 30 1 2 2
3 Patrice Bergeron Leon Draisaitl Conor Sheary 20 1 2 2
4 Maxim Lapierre Ted Purcell Nail Yakupov 10 1 2 2
5 vs 5 Defense
Defense Defense Time % Phy DF OF
1 Rasmus Ristolainen Jake Gardiner 40 1 2 2
2 Darnell Nurse Cam Barker 30 1 2 2
3 Tobias Enstrom Duncan Keith 20 1 2 2
4 Duncan Keith Jake Gardiner 10 1 2 2
PowerPlay Forward
Center Left Wing Right Wing Time % Phy DF OF
1 Ryan Nugent-Hopkins Alex Galchenyuk Tyler Toffoli 60 1 2 2
2 Connor McDavid Leon Draisaitl Evander Kane 40 1 2 2
PowerPlay Defense
Defense Defense Time % Phy DF OF
1 Jake Gardiner Cam Barker 60 1 2 2
2 Darnell Nurse Rasmus Ristolainen 40 1 2 2
Penalty Kill 4 Players Forward
Center Wing Time % Phy DF OF
1 Patrice Bergeron Alex Galchenyuk 60 1 2 2
2 Connor McDavid Jussi Jokinen 40 1 2 2
Penalty Kill 4 Players Defense
Defense Defense Time % Phy DF OF
1 Jake Gardiner Cam Barker 60 1 2 2
2 Darnell Nurse Rasmus Ristolainen 40 1 2 2
Penalty Kill - 3 Players Forward
Forward Time % Phy DF OF
1 Patrice Bergeron 60 1 2 2
2 Connor McDavid 40 1 2 2
Penalty Kill - 3 Players Defense
Defense Defense Time % Phy DF OF
1 Jake Gardiner Cam Barker 60 1 2 2
2 Darnell Nurse Rasmus Ristolainen 40 1 2 2
4 vs 4 Forward
Center Wing Time % Phy DF OF
1 Patrice Bergeron Alex Galchenyuk 60 1 2 2
2 Connor McDavid Jussi Jokinen 40 1 2 2
4 vs 4 Defense
Defense Defense Time % Phy DF OF
1 Jake Gardiner Cam Barker 60 1 2 2
2 Darnell Nurse Rasmus Ristolainen 40 1 2 2
Last Minutes Offensive
Center Left Wing Right Wing Defense Defense
Patrice Bergeron Alex Galchenyuk Evander Kane Jake Gardiner Cam Barker
Last Minutes Defensive
Center Left Wing Right Wing Defense Defense
Patrice Bergeron Alex Galchenyuk Evander Kane Jake Gardiner Cam Barker
Goaltenders
Starting : Jonas Hiller
Backup : James Reimer
Extra Forwards
Normal : Patrice Bergeron, Connor McDavid, Leon Draisaitl - PP : Patrice Bergeron, Connor McDavid - PK : Patrice Bergeron
Extra Defensemen
Normal : Tobias Enstrom, Jake Gardiner, Duncan Keith - PP : Tobias Enstrom - PK : Tobias Enstrom, Jake Gardiner
Penalty Shots
Evander Kane, Alex Galchenyuk, Tyler Toffoli, Jussi Jokinen, Patrice Bergeron
Scratches
Andy Rogers (Healthy), Jordan Caron (Healthy)
Kings
5 vs 5 Forward
Center Left Wing Right Wing Time % Phy DF OF
1 Nathan MacKinnon Kyle Clifford Teuvo Teravainen 33 1 2 2
2 Ryan O'Reilly Jake Guentzel David Pastrnak 33 1 2 2
3 Sean Monahan Derek Boogaard Drew Stafford 33 1 2 2
4 Pavel Datsyuk Max Friberg Mikko Rantanen 1 1 2 2
5 vs 5 Defense
Defense Defense Time % Phy DF OF
1 Jared Cowen Brady Skjei 40 1 3 1
2 Seth Jones Aaron Ekblad 40 1 2 2
3 Cody Franson Damon Severson 10 1 2 2
4 Jared Cowen Damon Severson 10 1 2 2
PowerPlay Forward
Center Left Wing Right Wing Time % Phy DF OF
1 Nathan MacKinnon Jake Guentzel David Pastrnak 55 1 2 2
2 Sean Monahan Kyle Clifford Teuvo Teravainen 45 1 2 2
PowerPlay Defense
Defense Defense Time % Phy DF OF
1 Seth Jones Brady Skjei 60 1 2 2
2 Ryan O'Reilly Jared Cowen 40 1 2 2
Penalty Kill 4 Players Forward
Center Wing Time % Phy DF OF
1 Ryan O'Reilly Kyle Clifford 60 3 2 0
2 Drew Stafford Max Friberg 40 3 2 0
Penalty Kill 4 Players Defense
Defense Defense Time % Phy DF OF
1 Jared Cowen Cody Franson 60 2 3 0
2 Seth Jones Brady Skjei 40 2 3 0
Penalty Kill - 3 Players Forward
Forward Time % Phy DF OF
1 Kyle Clifford 60 3 2 0
2 Ryan O'Reilly 40 3 2 0
Penalty Kill - 3 Players Defense
Defense Defense Time % Phy DF OF
1 Jared Cowen Cody Franson 60 2 3 0
2 Seth Jones Brady Skjei 40 2 3 0
4 vs 4 Forward
Center Wing Time % Phy DF OF
1 Ryan O'Reilly Teuvo Teravainen 60 1 2 2
2 Sean Monahan Kyle Clifford 40 1 2 2
4 vs 4 Defense
Defense Defense Time % Phy DF OF
1 Jared Cowen Brady Skjei 60 1 2 2
2 Seth Jones Cody Franson 40 1 2 2
Last Minutes Offensive
Center Left Wing Right Wing Defense Defense
Nathan MacKinnon Kyle Clifford David Pastrnak Seth Jones Brady Skjei
Last Minutes Defensive
Center Left Wing Right Wing Defense Defense
Ryan O'Reilly Kyle Clifford Drew Stafford Jared Cowen Seth Jones
Goaltenders
Starting : Andrei Vasilevskiy
Backup : Cam Talbot
Extra Forwards
Normal : Sean Monahan, Nathan MacKinnon, Ryan O'Reilly - PP : Mikko Rantanen, Drew Stafford - PK : Sean Monahan
Extra Defensemen
Normal : Aaron Ekblad, Damon Severson, Seth Jones - PP : Aaron Ekblad - PK : Damon Severson, Seth Jones
Penalty Shots
Mikko Rantanen, Sean Monahan, David Pastrnak, Teuvo Teravainen, Ryan O'Reilly
Scratches
Andreas Martinsen (Healthy), Clarke MacArthur (Healthy), Darroll Powe (Healthy), Jonathan Sigalet (Healthy), Tim Connolly (Healthy)
% Time on Ice - Oilers
Lines # - Real PCT - Wanted PCT - Time Play
Normal Forward
1 - 33% - 40% - 13:36
2 - 25% - 30% - 10:20
3 - 24% - 20% - 9:45
4 - 18% - 10% - 7:14
Normal Defense
1 - 40% - 40% - 16:25
2 - 33% - 30% - 13:38
3 - 23% - 20% - 9:26
4 - 4% - 10% - 1:26
PP Forward
1 - 55% - 60% - 9:41
2 - 45% - 40% - 7:56
PP Defense
1 - 55% - 60% - 9:41
2 - 45% - 40% - 7:56
PK Forward
1 - 90% - 60% - 1:19
2 - 10% - 40% - 0:09
PK Defense
1 - 63% - 60% - 0:55
2 - 38% - 40% - 0:33
PK3 Forward
1 - 0% - 60%
2 - 0% - 40%
PK3 Defense
1 - 0% - 60%
2 - 0% - 40%
44 Forward
1 - 0% - 60%
2 - 0% - 40%
44 Defense
1 - 0% - 60%
2 - 0% - 40%
Last Minute Offensive - 0:00
Last Minute Defensive - 0:00
Total
Forward - 60:00
Defense - 60:00
|
% Time on Ice - Kings
Lines # - Real PCT - Wanted PCT - Time Play
Normal Forward
1 - 28% - 33% - 11:24
2 - 28% - 33% - 11:20
3 - 28% - 33% - 11:32
4 - 16% - 1% - 6:39
Normal Defense
1 - 40% - 40% - 16:27
2 - 41% - 40% - 16:43
3 - 13% - 10% - 5:17
4 - 6% - 10% - 2:28
PP Forward
1 - 69% - 55% - 1:01
2 - 31% - 45% - 0:27
PP Defense
1 - 80% - 60% - 1:10
2 - 20% - 40% - 0:18
PK Forward
1 - 68% - 60% - 11:52
2 - 32% - 40% - 5:30
PK Defense
1 - 57% - 60% - 9:51
2 - 43% - 40% - 7:31
PK3 Forward
1 - 100% - 60% - 0:15
2 - 0% - 40% - 0:00
PK3 Defense
1 - 0% - 60% - 0:00
2 - 100% - 40% - 0:15
44 Forward
1 - 0% - 60%
2 - 0% - 40%
44 Defense
1 - 0% - 60%
2 - 0% - 40%
Last Minute Offensive - 0:00
Last Minute Defensive - 0:00
Total
Forward - 60:00
Defense - 60:00
|
Play-by-Play
1st period
0:01 of 1st period - Connor McDavid wins face-off versus Teuvo Teravainen in neutral zone.
0:03 of 1st period - Off-side.
0:04 of 1st period - Nathan MacKinnon wins face-off versus Connor McDavid in neutral zone.
0:14 of 1st period - Slapshot by Connor McDavid.
0:14 of 1st period - Stopped by Andrei Vasilevskiy without a rebound.
0:15 of 1st period - Ryan O'Reilly wins face-off versus Ryan Nugent-Hopkins in Kings zone.
0:23 of 1st period - Wrist shot by Jake Guentzel.
0:23 of 1st period - Stopped by Jonas Hiller without a rebound.
0:24 of 1st period - Ryan O'Reilly wins face-off versus Alex Galchenyuk in Oilers zone.
0:29 of 1st period - Snap shot by David Pastrnak.
0:29 of 1st period - Stopped by Jonas Hiller with a rebound.
0:45 of 1st period - Wrist shot by Jake Guentzel.
0:45 of 1st period - Stopped by Jonas Hiller with a rebound.
0:47 of 1st period - Backhand shot by Ryan O'Reilly.
0:47 of 1st period - Deflect By David Pastrnak.
0:47 of 1st period - Shot Misses the Net.
0:47 of 1st period - Puck is out of play.
0:48 of 1st period - Patrice Bergeron wins face-off versus Sean Monahan in Oilers zone.
1:58 of 1st period - Backhand shot by Ryan Nugent-Hopkins.
1:58 of 1st period - Shot Blocked by Jared Cowen.
2:48 of 1st period - Wrist shot by Kyle Clifford.
2:48 of 1st period - Stopped by Jonas Hiller with a rebound.
2:53 of 1st period - Off-side.
2:54 of 1st period - Patrice Bergeron wins face-off versus Pavel Datsyuk in neutral zone.
2:57 of 1st period - Backhand shot by Jake Gardiner.
2:57 of 1st period - Stopped by Andrei Vasilevskiy with a rebound.
3:10 of 1st period - Icing by Patrice Bergeron.
3:11 of 1st period - Sean Monahan wins face-off versus Patrice Bergeron in Oilers zone.
3:34 of 1st period - Jared Cowen is hit by Jake Gardiner and loses puck.
3:47 of 1st period - Wrist shot by Sean Monahan.
3:47 of 1st period - Stopped by Jonas Hiller without a rebound.
3:48 of 1st period - Connor McDavid wins face-off versus Nathan MacKinnon in Oilers zone.
4:37 of 1st period - Pavel Datsyuk is hit by Tyler Toffoli and loses puck.
4:44 of 1st period - Backhand shot by Tyler Toffoli.
4:44 of 1st period - Stopped by Andrei Vasilevskiy without a rebound.
4:45 of 1st period - Connor McDavid wins face-off versus Nathan MacKinnon in Kings zone.
6:06 of 1st period - Wrist shot by Mikko Rantanen.
6:06 of 1st period - Shot Misses the Net.
7:09 of 1st period - Cam Barker is hit by Aaron Ekblad and loses puck.
8:07 of 1st period - Icing by Kyle Clifford.
8:08 of 1st period - Nathan MacKinnon wins face-off versus Ryan Nugent-Hopkins in Kings zone.
8:08 of 1st period - Nathan MacKinnon is hit by Jake Gardiner.
9:49 of 1st period - Seth Jones is hit by Jussi Jokinen and loses puck.
10:02 of 1st period - Cody Franson is hit by Tyler Toffoli and loses puck.
10:28 of 1st period - Minor Penalty to Teuvo Teravainen for Hooking.
10:29 of 1st period - Ryan Nugent-Hopkins wins face-off versus Ryan O'Reilly in Kings zone.
12:06 of 1st period - Slapshot by Drew Stafford.
12:06 of 1st period - Shot Blocked by Tyler Toffoli.
12:22 of 1st period - Rasmus Ristolainen is hit by Cody Franson.
12:28 of 1st period - Penalty to Teuvo Teravainen is over, Teuvo Teravainen is back on ice.
13:04 of 1st period - Patrice Bergeron is hit by Derek Boogaard and loses puck.
13:11 of 1st period - Wrist shot by Derek Boogaard.
13:11 of 1st period - Shot Misses the Net.
14:15 of 1st period - Wrist shot by Mikko Rantanen.
14:15 of 1st period - Shot Misses the Net.
14:33 of 1st period - Slapshot by David Pastrnak.
14:33 of 1st period - Shot Misses the Net.
14:49 of 1st period - Jussi Jokinen is hit by Kyle Clifford and loses puck.
15:04 of 1st period - Backhand shot by Alex Galchenyuk.
15:04 of 1st period - Shot Misses the Net.
15:10 of 1st period - Snap shot by Ryan Nugent-Hopkins.
15:10 of 1st period - Stopped by Andrei Vasilevskiy with a rebound.
15:12 of 1st period - Slapshot by Cam Barker.
15:12 of 1st period - Deflect By Alex Galchenyuk.
15:12 of 1st period - Shot Blocked by Sean Monahan.
15:12 of 1st period - Puck is out of play.
15:13 of 1st period - Ryan O'Reilly wins face-off versus Patrice Bergeron in Kings zone.
15:53 of 1st period - Minor Penalty to Teuvo Teravainen for Interference.
15:54 of 1st period - Ryan Nugent-Hopkins wins face-off versus Ryan O'Reilly in Kings zone.
15:56 of 1st period - Wrist shot by Alex Galchenyuk.
15:56 of 1st period - Shot Misses the Net.
15:58 of 1st period - Slapshot by Alex Galchenyuk.
15:58 of 1st period - Shot Hit the Post.
16:00 of 1st period - Snap shot by Tyler Toffoli.
16:00 of 1st period - Shot Misses the Net.
16:24 of 1st period - Max Friberg is hit by Darnell Nurse and loses puck.
16:43 of 1st period - Brady Skjei is hit by Tyler Toffoli and loses puck.
17:46 of 1st period - Tyler Toffoli is hit by Sean Monahan and loses puck.
17:53 of 1st period - Penalty to Teuvo Teravainen is over, Teuvo Teravainen is back on ice.
18:17 of 1st period - Leon Draisaitl is hit by Derek Boogaard and loses puck.
18:50 of 1st period - Pavel Datsyuk is hit by Patrice Bergeron and loses puck.
19:19 of 1st period - Snap shot by Ryan O'Reilly.
19:19 of 1st period - Stopped by Jonas Hiller without a rebound.
19:20 of 1st period - Nathan MacKinnon wins face-off versus Ryan Nugent-Hopkins in Oilers zone.
19:31 of 1st period - Wrist shot by Alex Galchenyuk.
19:31 of 1st period - Stopped by Andrei Vasilevskiy without a rebound.
19:32 of 1st period - Ryan O'Reilly wins face-off versus Connor McDavid in Kings zone.
19:59 of 1st period - Brady Skjei is hit by Tyler Toffoli.
Goals for this period are 0 for Oilers vs 0 for Kings.
Shots for this period are 5 for Oilers vs 6 for Kings.
2nd period
0:01 of 2nd period - Sean Monahan wins face-off versus Connor McDavid in neutral zone.
0:14 of 2nd period - Wrist shot by Jussi Jokinen.
0:14 of 2nd period - Shot Misses the Net.
0:16 of 2nd period - Snap shot by Jussi Jokinen.
0:16 of 2nd period - Stopped by Andrei Vasilevskiy with a rebound.
0:26 of 2nd period - Alex Galchenyuk is hit by Jared Cowen and loses puck.
0:35 of 2nd period - Slapshot by Tyler Toffoli.
0:35 of 2nd period - Shot Misses the Net.
0:37 of 2nd period - Slapshot by Cam Barker.
0:37 of 2nd period - Stopped by Andrei Vasilevskiy with a rebound.
0:51 of 2nd period - Patrice Bergeron is hit by Brady Skjei and loses puck.
1:06 of 2nd period - Minor Penalty to Darnell Nurse for Holding Stick.
1:07 of 2nd period - Nathan MacKinnon wins face-off versus Patrice Bergeron in Oilers zone.
1:10 of 2nd period - Wrist shot by Nathan MacKinnon.
1:10 of 2nd period - Shot Misses the Net.
1:12 of 2nd period - Snap shot by David Pastrnak.
1:12 of 2nd period - Stopped by Jonas Hiller with a rebound.
1:14 of 2nd period - Wrist shot by David Pastrnak.
1:14 of 2nd period - Goal by David Pastrnak - Oilers : 0 - Kings : 1.
1:15 of 2nd period - Ryan O'Reilly wins face-off versus Connor McDavid in neutral zone.
2:09 of 2nd period - Wrist shot by Kyle Clifford.
2:09 of 2nd period - Shot Misses the Net.
2:11 of 2nd period - Snap shot by Teuvo Teravainen.
2:11 of 2nd period - Shot Misses the Net.
2:13 of 2nd period - Snap shot by Teuvo Teravainen.
2:13 of 2nd period - Stopped by Jonas Hiller with a rebound.
2:17 of 2nd period - Slapshot by Kyle Clifford.
2:17 of 2nd period - Stopped by Jonas Hiller with a rebound.
2:19 of 2nd period - Snap shot by Kyle Clifford.
2:19 of 2nd period - Stopped by Jonas Hiller without a rebound.
2:20 of 2nd period - Connor McDavid wins face-off versus Ryan O'Reilly in Oilers zone.
2:28 of 2nd period - Snap shot by David Pastrnak.
2:28 of 2nd period - Stopped by Jonas Hiller with a rebound.
2:34 of 2nd period - Snap shot by David Pastrnak.
2:34 of 2nd period - Stopped by Jonas Hiller without a rebound.
2:35 of 2nd period - Sean Monahan wins face-off versus Ryan Nugent-Hopkins in Oilers zone.
2:36 of 2nd period - Slapshot by Brady Skjei.
2:36 of 2nd period - Stopped by Jonas Hiller without a rebound.
2:37 of 2nd period - Ryan Nugent-Hopkins wins face-off versus Sean Monahan in Oilers zone.
2:37 of 2nd period - Ryan Nugent-Hopkins is hit by Brady Skjei.
2:52 of 2nd period - Alex Galchenyuk is hit by Derek Boogaard and loses puck.
3:25 of 2nd period - Ryan O'Reilly is hit by Conor Sheary and loses puck.
3:52 of 2nd period - Slapshot by Ted Purcell.
3:52 of 2nd period - Stopped by Andrei Vasilevskiy without a rebound.
3:53 of 2nd period - Sean Monahan wins face-off versus Connor McDavid in Kings zone.
4:30 of 2nd period - Snap shot by Tyler Toffoli.
4:30 of 2nd period - Stopped by Andrei Vasilevskiy with a rebound.
4:49 of 2nd period - Minor Penalty to Jake Gardiner for High sticking.
4:50 of 2nd period - Nathan MacKinnon wins face-off versus Patrice Bergeron in Oilers zone.
5:06 of 2nd period - Snap shot by David Pastrnak.
5:06 of 2nd period - Goal by David Pastrnak - Oilers : 0 - Kings : 2.
5:07 of 2nd period - Jussi Jokinen wins face-off versus Sean Monahan in neutral zone.
5:10 of 2nd period - Sean Monahan is hit by Rasmus Ristolainen and loses puck.
5:19 of 2nd period - Snap shot by Derek Boogaard.
5:19 of 2nd period - Shot Misses the Net.
5:33 of 2nd period - Alex Galchenyuk is hit by Brady Skjei.
5:43 of 2nd period - Snap shot by Alex Galchenyuk.
5:43 of 2nd period - Stopped by Andrei Vasilevskiy with a rebound.
5:45 of 2nd period - Wrist shot by Alex Galchenyuk.
5:45 of 2nd period - Shot Blocked by Jared Cowen.
7:24 of 2nd period - Slapshot by Rasmus Ristolainen.
7:24 of 2nd period - Stopped by Andrei Vasilevskiy without a rebound.
7:25 of 2nd period - Sean Monahan wins face-off versus Patrice Bergeron in Kings zone.
7:34 of 2nd period - Wrist shot by Sean Monahan.
7:34 of 2nd period - Stopped by Jonas Hiller with a rebound.
7:36 of 2nd period - Snap shot by Sean Monahan.
7:36 of 2nd period - Stopped by Jonas Hiller without a rebound.
7:37 of 2nd period - Nathan MacKinnon wins face-off versus Connor McDavid in Oilers zone.
7:46 of 2nd period - Teuvo Teravainen is hit by Connor McDavid and loses puck.
7:51 of 2nd period - Snap shot by Evander Kane.
7:51 of 2nd period - Stopped by Andrei Vasilevskiy with a rebound.
8:03 of 2nd period - Alex Galchenyuk is hit by Sean Monahan and loses puck.
8:10 of 2nd period - Slapshot by Seth Jones.
8:10 of 2nd period - Stopped by Jonas Hiller with a rebound.
8:26 of 2nd period - Wrist shot by Patrice Bergeron.
8:26 of 2nd period - Shot Misses the Net.
8:46 of 2nd period - Slapshot by Evander Kane.
8:46 of 2nd period - Stopped by Andrei Vasilevskiy without a rebound.
8:47 of 2nd period - Pavel Datsyuk wins face-off versus Connor McDavid in Kings zone.
10:39 of 2nd period - Off-side.
10:40 of 2nd period - Ryan Nugent-Hopkins wins face-off versus Nathan MacKinnon in neutral zone.
10:43 of 2nd period - Backhand shot by Jake Gardiner.
10:43 of 2nd period - Stopped by Andrei Vasilevskiy without a rebound.
10:44 of 2nd period - Ryan Nugent-Hopkins wins face-off versus Nathan MacKinnon in Kings zone.
10:49 of 2nd period - Slapshot by Tyler Toffoli.
10:49 of 2nd period - Shot Blocked by Kyle Clifford.
10:59 of 2nd period - Snap shot by Seth Jones.
10:59 of 2nd period - Stopped by Jonas Hiller without a rebound.
11:00 of 2nd period - Sean Monahan wins face-off versus Patrice Bergeron in Oilers zone.
11:26 of 2nd period - Tyler Toffoli is hit by Aaron Ekblad and loses puck.
11:46 of 2nd period - Off-side.
11:47 of 2nd period - Maxim Lapierre wins face-off versus Nathan MacKinnon in neutral zone.
11:49 of 2nd period - Off-side.
11:50 of 2nd period - Maxim Lapierre wins face-off versus Nathan MacKinnon in neutral zone.
11:55 of 2nd period - Wrist shot by Nail Yakupov.
11:55 of 2nd period - Shot Blocked by Nathan MacKinnon.
11:57 of 2nd period - Snap shot by Ted Purcell.
11:57 of 2nd period - Shot Misses the Net.
11:59 of 2nd period - Backhand shot by Darnell Nurse.
11:59 of 2nd period - Stopped by Andrei Vasilevskiy with a rebound.
12:11 of 2nd period - Double Minor Penalty to Kyle Clifford for High sticking.
12:12 of 2nd period - Ryan Nugent-Hopkins wins face-off versus Ryan O'Reilly in Kings zone.
12:48 of 2nd period - Slapshot by Connor McDavid.
12:48 of 2nd period - Stopped by Andrei Vasilevskiy with a rebound.
13:12 of 2nd period - Rasmus Ristolainen is hit by Seth Jones and loses puck.
13:48 of 2nd period - Icing by Jake Gardiner.
13:49 of 2nd period - Leon Draisaitl wins face-off versus Nathan MacKinnon in Oilers zone.
15:14 of 2nd period - Jared Cowen is hit by Jussi Jokinen and loses puck.
16:11 of 2nd period - Penalty to Kyle Clifford is over, Kyle Clifford is back on ice.
16:13 of 2nd period - Icing by Jussi Jokinen.
16:14 of 2nd period - Nathan MacKinnon wins face-off versus Ryan Nugent-Hopkins in Oilers zone.
16:26 of 2nd period - Off-side.
16:27 of 2nd period - Maxim Lapierre wins face-off versus Ryan O'Reilly in neutral zone.
16:54 of 2nd period - Aaron Ekblad is hit by Leon Draisaitl.
17:39 of 2nd period - Snap shot by Leon Draisaitl.
17:39 of 2nd period - Stopped by Andrei Vasilevskiy without a rebound.
17:40 of 2nd period - Connor McDavid wins face-off versus Sean Monahan in Kings zone.
17:43 of 2nd period - Snap shot by Evander Kane.
17:43 of 2nd period - Deflect By Derek Boogaard.
17:43 of 2nd period - Shot Misses the Net.
17:43 of 2nd period - Puck is out of play.
17:44 of 2nd period - Connor McDavid wins face-off versus Sean Monahan in Kings zone.
18:09 of 2nd period - Slapshot by Jussi Jokinen.
18:09 of 2nd period - Stopped by Andrei Vasilevskiy without a rebound.
18:10 of 2nd period - David Pastrnak wins face-off versus Ryan Nugent-Hopkins in Kings zone.
18:18 of 2nd period - Icing by Rasmus Ristolainen.
18:19 of 2nd period - Ryan Nugent-Hopkins wins face-off versus Ryan O'Reilly in Oilers zone.
19:03 of 2nd period - Wrist shot by Alex Galchenyuk.
19:03 of 2nd period - Stopped by Andrei Vasilevskiy with a rebound.
19:05 of 2nd period - Snap shot by Ryan Nugent-Hopkins.
19:05 of 2nd period - Shot Misses the Net.
19:07 of 2nd period - Slapshot by Ryan Nugent-Hopkins.
19:07 of 2nd period - Shot Hit the Post.
19:09 of 2nd period - Snap shot by Ryan Nugent-Hopkins.
19:09 of 2nd period - Shot Misses the Net.
19:17 of 2nd period - Snap shot by Alex Galchenyuk.
19:17 of 2nd period - Goal by Alex Galchenyuk - Oilers : 1 - Kings : 2.
19:18 of 2nd period - Connor McDavid wins face-off versus Sean Monahan in neutral zone.
19:45 of 2nd period - Leon Draisaitl is hit by Seth Jones.
19:53 of 2nd period - Wrist shot by Leon Draisaitl.
19:53 of 2nd period - Stopped by Andrei Vasilevskiy with a rebound.
Goals for this period are 1 for Oilers vs 2 for Kings.
Shots for this period are 16 for Oilers vs 13 for Kings.
3rd period
0:01 of 3rd period - Sean Monahan wins face-off versus Connor McDavid in neutral zone.
0:50 of 3rd period - Slapshot by Jake Gardiner.
0:50 of 3rd period - Shot Misses the Net.
0:52 of 3rd period - Wrist shot by Conor Sheary.
0:52 of 3rd period - Stopped by Andrei Vasilevskiy without a rebound.
0:53 of 3rd period - Nathan MacKinnon wins face-off versus Conor Sheary in Kings zone.
1:07 of 3rd period - Minor Penalty to Teuvo Teravainen for Goalie Interference.
1:08 of 3rd period - Kyle Clifford wins face-off versus Ryan Nugent-Hopkins in Kings zone.
1:52 of 3rd period - Wrist shot by Ryan Nugent-Hopkins.
1:52 of 3rd period - Shot Misses the Net.
1:54 of 3rd period - Slapshot by Alex Galchenyuk.
1:54 of 3rd period - Stopped by Andrei Vasilevskiy without a rebound.
1:55 of 3rd period - Ryan O'Reilly wins face-off versus Connor McDavid in Kings zone.
2:34 of 3rd period - Kyle Clifford is hit by Cam Barker and loses puck.
3:07 of 3rd period - Penalty to Teuvo Teravainen is over, Teuvo Teravainen is back on ice.
4:15 of 3rd period - Duncan Keith is hit by Aaron Ekblad and loses puck.
4:42 of 3rd period - Minor Penalty to Nathan MacKinnon for Holding.
4:43 of 3rd period - Ryan O'Reilly wins face-off versus Ryan Nugent-Hopkins in Kings zone.
4:56 of 3rd period - Cody Franson is hit by Alex Galchenyuk and loses puck.
5:09 of 3rd period - Evander Kane is hit by Drew Stafford and loses puck.
6:19 of 3rd period - Jake Gardiner is hit by Cody Franson and loses puck.
6:42 of 3rd period - Penalty to Nathan MacKinnon is over, Nathan MacKinnon is back on ice.
6:47 of 3rd period - Icing by Brady Skjei.
6:48 of 3rd period - Ryan O'Reilly wins face-off versus Maxim Lapierre in Kings zone.
6:53 of 3rd period - Ryan O'Reilly is hit by Nail Yakupov and loses puck.
8:14 of 3rd period - Snap shot by Alex Galchenyuk.
8:14 of 3rd period - Stopped by Andrei Vasilevskiy with a rebound.
8:16 of 3rd period - Slapshot by Tyler Toffoli.
8:16 of 3rd period - Shot Misses the Net.
8:18 of 3rd period - Wrist shot by Rasmus Ristolainen.
8:18 of 3rd period - Shot Blocked by Jake Guentzel.
8:46 of 3rd period - Minor Penalty to Darnell Nurse for High sticking.
8:47 of 3rd period - Nathan MacKinnon wins face-off versus Patrice Bergeron in Oilers zone.
8:48 of 3rd period - Snap shot by David Pastrnak.
8:48 of 3rd period - Goal by David Pastrnak - Oilers : 1 - Kings : 3.
8:49 of 3rd period - Connor McDavid wins face-off versus Ryan O'Reilly in neutral zone.
9:04 of 3rd period - Wrist shot by Jussi Jokinen.
9:04 of 3rd period - Shot Misses the Net.
9:06 of 3rd period - Slapshot by Darnell Nurse.
9:06 of 3rd period - Stopped by Andrei Vasilevskiy with a rebound.
9:27 of 3rd period - Snap shot by Alex Galchenyuk.
9:27 of 3rd period - Shot Misses the Net.
9:37 of 3rd period - Snap shot by Maxim Lapierre.
9:37 of 3rd period - Stopped by Andrei Vasilevskiy without a rebound.
9:38 of 3rd period - Maxim Lapierre wins face-off versus Sean Monahan in Kings zone.
9:50 of 3rd period - Minor Penalty to Derek Boogaard for Interference.
9:51 of 3rd period - Ryan O'Reilly wins face-off versus Ryan Nugent-Hopkins in Kings zone.
10:08 of 3rd period - Wrist shot by Ryan Nugent-Hopkins.
10:08 of 3rd period - Shot Hit the Post.
11:21 of 3rd period - Slapshot by Rasmus Ristolainen.
11:21 of 3rd period - Shot Misses the Net.
11:34 of 3rd period - Minor Penalty to Sean Monahan for Interference.
11:35 of 3rd period - Connor McDavid wins face-off versus Kyle Clifford in Kings zone.
11:50 of 3rd period - Penalty to Derek Boogaard is over, Derek Boogaard is back on ice.
12:31 of 3rd period - Slapshot by Ryan O'Reilly.
12:31 of 3rd period - Stopped by Jonas Hiller with a rebound.
12:37 of 3rd period - Wrist shot by Ryan O'Reilly.
12:37 of 3rd period - Deflect By Derek Boogaard.
12:37 of 3rd period - Stopped by Jonas Hiller with a rebound.
12:39 of 3rd period - Slapshot by Derek Boogaard.
12:39 of 3rd period - Stopped by Jonas Hiller without a rebound.
12:40 of 3rd period - Kyle Clifford wins face-off versus Ryan Nugent-Hopkins in Oilers zone.
13:34 of 3rd period - Penalty to Sean Monahan is over, Sean Monahan is back on ice.
15:13 of 3rd period - Slapshot by Jared Cowen.
15:13 of 3rd period - Shot Misses the Net.
15:25 of 3rd period - Minor Penalty to Cody Franson for Boarding.
15:26 of 3rd period - Ryan Nugent-Hopkins wins face-off versus Ryan O'Reilly in Kings zone.
15:33 of 3rd period - Wrist shot by Alex Galchenyuk.
15:33 of 3rd period - Shot Misses the Net.
15:51 of 3rd period - Max Friberg is hit by Darnell Nurse and loses puck.
17:19 of 3rd period - Brady Skjei is hit by Evander Kane and loses puck.
17:25 of 3rd period - Penalty to Cody Franson is over, Cody Franson is back on ice.
17:37 of 3rd period - Slapshot by Rasmus Ristolainen.
17:37 of 3rd period - Stopped by Andrei Vasilevskiy without a rebound.
17:38 of 3rd period - Nathan MacKinnon wins face-off versus Maxim Lapierre in Kings zone.
17:38 of 3rd period - Nathan MacKinnon is hit by Tobias Enstrom.
17:44 of 3rd period - Snap shot by Nathan MacKinnon.
17:44 of 3rd period - Shot Misses the Net.
17:46 of 3rd period - Snap shot by Kyle Clifford.
17:46 of 3rd period - Goal by Kyle Clifford - Oilers : 1 - Kings : 4.
17:47 of 3rd period - Sean Monahan wins face-off versus Connor McDavid in neutral zone.
17:50 of 3rd period - Slapshot by Seth Jones.
17:50 of 3rd period - Stopped by Jonas Hiller with a rebound.
18:38 of 3rd period - Wrist shot by Jake Guentzel.
18:38 of 3rd period - Stopped by Jonas Hiller without a rebound.
18:39 of 3rd period - Ryan O'Reilly wins face-off versus Connor McDavid in Oilers zone.
18:41 of 3rd period - Icing by Evander Kane.
18:42 of 3rd period - Connor McDavid wins face-off versus Sean Monahan in Oilers zone.
18:58 of 3rd period - Minor Penalty to Connor McDavid for Unsportsmanlike conduct.
18:59 of 3rd period - Patrice Bergeron wins face-off versus Nathan MacKinnon in Oilers zone.
19:25 of 3rd period - Jake Gardiner is hit by Brady Skjei and loses puck.
Goals for this period are 0 for Oilers vs 2 for Kings.
Shots for this period are 6 for Oilers vs 7 for Kings.